 Dungeon Crawl Stone Soup version 0.27-a0-797-g27d10ad80f (webtiles) character file.

Game seed: 3113459942875188937

389 sizableburger the Cutter (level 6, -9/46 HPs)
             Began as a Mummy Brigand on Mar 27, 2021.
             Killed from afar by Natasha (13 damage)
             ... with a puff of flame
             ... on level 3 of the Dungeon.
             The game lasted 00:09:32 (3824 turns).

sizableburger the Cutter (Mummy Brigand)            Turns: 3824, Time: 00:09:33

Health: -9/46      AC:  4    Str: 15    XL:     6   Next: 50%
Magic:  2/9        EV: 11    Int: 12    God:
Gold:   106        SH:  0    Dex: 13    Spells: 6/9 levels left

rFire    x . .     SeeInvis .   a - +2 dagger (elec)
rCold    + . .     Faith    .   (no shield)
rNeg     + + +     Spirit   .   b - +0 robe
rPois    ∞         Reflect  .   (no helmet)
rElec    .         Harm     .   c - +1 cloak
rCorr    .         Rampage  .   (no gloves)
Will     .....                  (no boots)
Stlth    ++........             (no amulet)
HPRegen  0.15/turn              (no ring)
MPRegen  0.11/turn              (no ring)

@: slowed, very slow
A: cold resistance 1, negative energy resistance 3, torment resistance 2,
unbreathing 1, heat vulnerability 1, no potions
a: no special abilities


You were on level 3 of the Dungeon.
You visited 1 branch of the dungeon, and saw 3 of its levels.

You collected 106 gold pieces.

Inventory:

Hand Weapons
 a - a +2 dagger of electrocution (weapon)
Missiles
 d - 8 poisoned darts (quivered)
 k - a curare-tipped dart
Armour
 b - a +0 robe (worn)
 c - a +1 cloak (worn)
Scrolls
 f - a scroll of holy word
 i - 2 scrolls of vulnerability


   Skills:
 - Level 2.8 Fighting
 + Level 3.5 Short Blades
 - Level 1.5 Throwing
 - Level 0.7 Dodging
 - Level 3.2 Stealth
 - Level 2.1 Spellcasting
 + Level 2.4 Conjurations
 + Level 2.6 Hexes


You had 6 spell levels left.
You knew the following spells:

 Your Spells              Type           Power      Damage    Failure   Level
a - Dazzling Flash        Conj/Hex       14%        N/A       28%         3

Your spell library contained the following spells:

 Spells                   Type           Power      Damage    Failure   Level
 Magic Dart               Conj           28%        1d4       10%         1
 Searing Ray              Conj           14%        3d3       16%         2
 Fulminant Prism          Conj/Hex       3%         3d6       67%         4
 Iskenderun's Mystic Bla  Conj/Tloc      4%         2d3       86%         4


Dungeon Overview and Level Annotations

Branches:
Dungeon (3/15)

Altars:

Shops:
D:2 (

Annotations:
D:3 Natasha


Innate Abilities, Weirdness & Mutations

You are immune to poison.
Your flesh is cold resistant. (rC+)
You are immune to negative energy. (rN+++)
You are immune to unholy pain and torment.
You can survive without breathing.
You are vulnerable to heat. (rF-)
You do not drink.


Message History

a +0 flail; a gnoll corpse You start resting.
Natasha, Servant of Life and Death comes into view.
She is carrying a wand of flame (22).
You hit Natasha.
Natasha is moderately wounded.
Natasha casts a spell at you. The magic dart hits you.
You closely miss Natasha.
Natasha is moderately wounded.
Natasha wildly gestures.
Natasha's front paws start to glow.
Natasha closely misses you.
You barely miss Natasha.
Natasha is moderately wounded.
Natasha stares at you and mumbles some strange words.
You feel yourself slow down.
You barely miss Natasha.
Natasha is moderately wounded.
Natasha drinks a potion.
Natasha flickers and vanishes!
Deactivating autopickup; reactivate with Ctrl-A.
You miss something. Something claws you!
Casting: Dazzling Flash (quite dangerous; 28% risk of failure)
Confirm with . or Enter, or press ? or * to list all spells.
Okay, then.
As you read the scroll labelled BOKKEIRIRUGG, it crumbles to dust.
It is a scroll of enchant armour.
Your +0 cloak glows green for a moment.
Something claws you! x2
* * * LOW HITPOINT WARNING * * *
You can't drink.
As you read the scroll labelled WEKUCZ CAEKACS, it crumbles to dust.
You hear a loud clanging noise!
It was a scroll of noise.
You hear a shout! x5
Something completely misses you.
You miss something. Something claws you.
* * * LOW HITPOINT WARNING * * *
You hear a zap.
A puff of flame appears from out of thin air!
The puff of flame hits you! The fire burns you terribly!
You die...

#.##.## ##.# ###.....##
#.##.###### #..# ##...###
#.........#####.######......####
#####.###..##...#
#....#.##....## #.####..#.###
#.####.#####..# #..#
##...#####.# #.# ##.. ##.#
##....##..# #.# ### #.#
##.##.).(## #)#
#.###...###@.#### #)# #..>#.###
#{....###.##
###...######.##...#..#
#.[...>.#..####....##
##.#####.#.## ####..# . ###..#
#...########..## .. #...##
##.....#....(...# ... #####.###
##...............#.... ....)...#
#...................o.


There were no monsters in sight!

Vanquished Creatures
  Grinder (D:3)
  Jessica (D:2)
  Natasha (twice) (D:3)
  6 adders
  A gnoll (D:3)
  3 worms (D:2)
  5 orcs
  11 endoplasms
  2 giant cockroaches (D:1)
  8 goblins
  2 hobgoblins
  2 jackals (D:2)
  2 quokkas
  6 ball pythons
  5 bats
  2 frilled lizards
  6 kobolds
  5 rats
70 creatures vanquished.

Notes
Turn   | Place    | Note
-------+----------+-------------------------------------------
     0 | D:1      | sizableburger the Mummy Brigand began the quest for the
                  | Orb.
     0 | D:1      | Reached XP level 1. HP: 16/16 MP: 1/1
   194 | D:1      | Reached XP level 2. HP: 21/23 MP: 2/2
  1572 | D:2      | Reached skill level 1 in Spellcasting
  1572 | D:2      | Reached XP level 3. HP: 10/28 MP: 4/4
  1776 | D:2      | Learned a level 3 spell: Dazzling Flash
  2040 | D:2      | Noticed Jessica
  2049 | D:2      | Killed Jessica
  2050 | D:2      | Reached XP level 4. HP: 22/34 MP: 4/6
  2256 | D:2      | Reached skill level 1 in Hexes
  2659 | D:2      | Reached skill level 1 in Conjurations
  2922 | D:2      | Found Ber Ogex's Antique Weapon Shop.
  3359 | D:3      | Reached XP level 5. HP: 38/40 MP: 8/8
  3493 | D:3      | Noticed Grinder
  3508 | D:3      | Killed Grinder
  3509 | D:3      | Reached XP level 6. HP: 27/46 MP: 9/9
  3659 | D:3      | Noticed Natasha
  3664 | D:3      | Killed Natasha
  3759 | D:3      | Noticed Natasha
  3786 | D:3      | Killed Natasha
  3815 | D:3      | Noticed Natasha
  3824 | D:3      | Killed from afar by Natasha

Illustrated notes

Levels and vault maps discovered:
D:1:      sevenhm_arrival_forest_fort_large_4, layout_basic
D:2:      layout_basic, serial_shops, shop, uniq_jessica
D:3:      layout_rooms, uniq_natasha, uniq_grinder

Skill      XL: |  1  2  3  4  5 |
---------------+----------------+-----
Short Blades   | 2 3 |  3.5
Spellcasting   | 1 2 |  2.1
Hexes          | 1 2 |  2.6
Conjurations   | 1 2 |  2.4
Fighting       | |  2.8
Throwing       | |  1.5
Dodging        | |  0.7
Stealth        | |  3.2

Action                   |  1- 3 |  4- 6 || total
-------------------------+-------+-------++-------
Melee: Dagger            |    77 |   108 ||   185
Throw: Dart              |    17 |    13 ||    30
 Cast: Dazzling Flash    |       |     4 ||     4
  Use: Scroll            |       |     6 ||     6
 Stab: Sleeping          |     8 |     8 ||    16
       Invisible         |       |     1 ||     1
Armor: Robe              |    11 |    12 ||    23
Dodge: Dodged            |    34 |    53 ||    87

Table legend: (Time is in decaauts)
 A = Elapsed time spent in this place.
 B = Non-inter-level travel time spent in this place.
 C = Inter-level travel time spent in this place.
 D = Time resting spent in this place.
 E = Time spent auto-exploring this place.
 F = Levels seen in this place.
 G = Mean time per level.
                   A        B        C        D        E       F      G
               +--------+--------+--------+--------+--------+-----+--------+
         Total |   3799 |   3624 |    175 |   1440 |   1555 |   3 | 1266.3 |
       Dungeon |   3799 |   3624 |    175 |   1440 |   1555 |   3 | 1266.3 |
               +--------+--------+--------+--------+--------+-----+--------+

Top non-repeatable levels by time:
     D:2: 1893 daAuts
     D:1: 1345 daAuts
     D:3: 561 daAuts
